 Dungeon Crawl Stone Soup version 0.25-a0-782-g655279ceaa (webtiles) character file.

Game seed: 9072215917657371173, levelgen mode: deterministic

30 Ryozuki the Grasshopper (level 3, 0/24 HPs)
             Began as a Halfling Warper on Apr 16, 2020.
             Was an Initiate of Wu Jian.
             Slain by a goblin
             ... wielding a +0 dagger
             ... led by Robin
              (4 damage)
             ... on level 2 of the Dungeon.
             The game lasted 00:14:52 (524 turns).

Ryozuki the Grasshopper (Halfling Warper)            Turns: 524, Time: 00:14:53

Health: 0/24       AC:  6    Str: 13    XL:     3   Next: 37%
Magic:  6/6        EV: 12    Int: 11    God:    Wu Jian [......]
Gold:   48         SH:  0    Dex: 13    Spells: 6/6 levels left

rFire    . . .     SeeInvis .   a - +0 falchion
rCold    . . .     Gourm    .   (shield restricted)
rNeg     . . .     Faith    .   c - +0 scale mail
rPois    .         Spirit   .   (no helmet)
rElec    .         Reflect  .   (no cloak)
rCorr    .         Harm     .   (no gloves)
MR       .....                  (no boots)
Stlth    ..........             (no amulet)
HPRegen  0.08/turn              (no ring)
MPRegen  0.10/turn              (no ring)

@: flying, very slightly contaminated
A: small, mutation resistance 1
a: Renounce Religion


You were on level 2 of the Dungeon.
You worshipped Wu Jian.
Wu Jian was noncommittal.
You were not hungry.

You visited 1 branch of the dungeon, and saw 2 of its levels.

You collected 48 gold pieces.

Inventory:

Hand Weapons
 a - a +0 falchion (weapon)
 i - a +0 club
 m - a +0 dagger
Missiles
 e - 4 boomerangs of dispersal
 g - 12 stones (quivered)
Armour
 b - a +0 leather armour
 c - a +0 scale mail (worn)
Scrolls
 d - a scroll of blinking
 h - a scroll of amnesia {unknown}
 k - 2 scrolls of identify {unknown}
 n - a scroll of enchant armour {unknown}
Comestibles
 f - a ration
 j - 14 chunks of flesh


   Skills:
 + Level 2.2 Fighting
 + Level 2.5 Long Blades
 + Level 1.0 Throwing
 + Level 1.1 Armour
 + Level 2.3 Dodging
 + Level 2.0 Spellcasting
   Level 3.2 Translocations


You had 6 spell levels left.
You didn't know any spells.
Your spell library contained the following spells:

 Spells                   Type           Power        Failure   Level  Hunger
 Blink                    Tloc           N/A          50%         2    ###....
 Shroud of Golubria       Chrm/Tloc      #.....       73%         2    ###....
 Gell's Gravitas          Tloc           #.........   73%         3    ####...
 Lesser Beckoning         Tloc           #.........   73%         3    ####...
 Teleport Other           Tloc           #.......     73%         3    ####...
 Passage of Golubria      Tloc           N/A          98%         4    #####..


Dungeon Overview and Level Annotations

Branches:
Dungeon (2/15)

Altars:
Wu Jian

Annotations:
D:2 Robin


Innate Abilities, Weirdness & Mutations

You are small and have problems with some larger weapons.
You are somewhat resistant to further mutation.


Message History

You feel very buoyant.
You fly up into the air.
The goblin hits you but does no damage. The goblin hits you with a +0 dagger.
* * * LOW HITPOINT WARNING * * *
Blink to where?
Press: ? - help, Dir - move target cursor You are very lightly contaminated with residual magic.
As you read the scroll of blinking, it crumbles to dust.
The goblin wields a +0 hunting sling.
The goblin shoots a stone.
The stone completely misses you.
The goblin no longer looks unusually strong.
The goblin shoots a stone.
The stone completely misses you.
You see here 2 stones.
Throwing (i - inventory. (/) - cycle)
g - 13 stones (quivered)
Press: ? - help, Shift-Dir - straight line, f - goblin
Aim: a goblin, wielding a +0 dagger (unusually strong)
You throw a stone. The stone closely misses the goblin.
The stone barely misses the goblin.
The goblin hits you with a +0 dagger.
You die...

#######.# #..(....#
#.<.###.# #...# #...#
#..># #####.
##...###......
#######.g.gg..(...# #.
.......@####.####... ...
........##.....##.##.. .
........#.......#.g. ...
.#####..#....g.g#g#w....
#......_..gsb...#
#..#.......#g#.##
##.#.......#...
#.##.....##.#.# ###.###
.#...


You could see 3 goblins.

Vanquished Creatures
  A leopard gecko (D:1)
  2 bats
  A giant cockroach (D:2)
  5 goblins
  3 hobgoblins
  2 jackals (D:1)
  A quokka (D:2)
  A frilled lizard (D:1)
  4 kobolds (D:1)
  7 rats (D:1)
27 creatures vanquished.

Notes
Turn   | Place    | Note
-------+----------+-------------------------------------------
     0 | D:1      | Ryozuki the Halfling Warper began the quest for the Orb.
     0 | D:1      | Reached XP level 1. HP: 14/14 MP: 3/3
   206 | D:1      | Reached XP level 2. HP: 16/19 MP: 4/4
   378 | D:1      | Reached XP level 3. HP: 24/24 MP: 4/6
   462 | D:2      | Found an ornate altar of the Wu Jian Council.
   488 | D:2      | Became a worshipper of the Wu Jian Council
   499 | D:2      | Noticed Robin
   524 | D:2      | Slain by a goblin

Levels and vault maps discovered:
D:1:      minmay_arrival_arboretum_small, layout_basic, minmay_rat_gold_closets
D:2:      layout_loops_cross, old_standard_altar, lemuel_round_altar,
          grunt_ministairs_9, uniq_sigmund, uniq_crazy_yiuf_cottage, uniq_robin,
          uniq_natasha

Skill      XL: |  1  2 |
---------------+-------+-----
Fighting       | 2 |  2.2
Spellcasting   | 2 |  2.0
Long Blades    | |  2.5
Throwing       | |  1.0
Armour         | |  1.1
Dodging        | |  2.3
Translocations | |  3.2

Action                   || total
-------------------------++-------
Melee: Falchion          ||    70
Throw: Stone             ||    15
       Boomerang         ||     1
  Use: Scroll            ||     1
       Potion            ||     1
Armor: Scale mail        ||    42
Dodge: Dodged            ||    67
       Rpst.: Falchion   ||    26

Table legend:
 A = Non-vault XP
 B = Vault XP
 C = Vault XP percentage of total XP
 D = Non-vault monster count
 E = Vault monster count
 F = Vault count percentage of total count
                 A         B        C        D         E       F
            +---------+---------+-------+---------+---------+-------
      Total |      32 |      12 |  27.3 |      18 |       9 |  33.3
            +---------+---------+-------+---------+---------+-------
        D:1 |      27 |       5 |  15.6 |      15 |       5 |  25.0
        D:2 |       5 |       7 |  58.3 |       3 |       4 |  57.1
            +---------+---------+-------+---------+---------+-------
